 Dungeon Crawl Stone Soup version 0.32-a0-900-g30fb1b0edc (webtiles) character file.

Game seed: 12486451685462762303

98 Doorstop00 the Chopper (level 4, 0/61 HPs)
             Began as a Minotaur Berserker on Apr 5, 2024.
             Was a Priest of Trog.
             Killed by divine providence
             ... invoked by an orc priest
              (14 damage)
             ... on level 3 of the Dungeon.
             The game lasted 00:05:39 (1590 turns).

Doorstop00 the Chopper (Minotaur Berserker)         Turns: 1590, Time: 00:05:40

Health: 0/61       AC:  5    Str: 21    XL:     4   Next: 44%
Magic:  3/3        EV: 10    Int:  6    God:    Trog [***...]
Gold:   81         SH:  0    Dex: 10    Spells: 3/3 levels left

rFire   . . .        a - +0 hand axe
rCold   . . .        (no shield)
rNeg    . . .        c - +0 ring mail
rPois   .            (helmet restricted)
rElec   .            (no cloak)
rCorr   .            (no gloves)
SInv    .            (no boots)
Will    .....        (no amulet) Stlth
                     (no ring)
HPRegen 0.30/turn    (no ring)
MPRegen 0.08/turn

%: no passive effects
@: berserking, very quick
A: horns 2, retaliatory headbutt
a: Renounce Religion, Berserk, Trog's Hand


You were on level 3 of the Dungeon.
You worshipped Trog.
Trog was most pleased with you.
You visited 1 branch of the dungeon, and saw 3 of its levels.

You collected 81 gold pieces.

Inventory:

Hand Weapons
 a - a +0 hand axe (weapon)
Armour
 c - a +0 ring mail (worn)
Scrolls
 f - a scroll of immolation {unknown}
 h - a scroll of enchant weapon {unknown}
 i - a scroll of revelation
 j - a scroll of teleportation {unknown}
Potions
 b - a potion of cancellation {unknown}
 d - 2 potions of curing
 e - a potion of mutation {unknown}
 g - a potion of heal wounds {unknown}


   Skills:
 * Level 4.4 Fighting
 * Level 5.1 Axes
 * Level 3.2 Armour
 * Level 2.6 Dodging


You had 3 spell levels left.
You didn't know any spells.
Your spell library was empty.

Dungeon Overview and Level Annotations

Branches:
Dungeon (3/15)

Altars:
Beogh


Innate Abilities, Weirdness & Mutations

You have a pair of horns on your head.
You reflexively headbutt those who attack you in melee.


Message History

Trog accepts your kill.
Your Axes skill increases to level 5!
No target in view!
i - a scroll of revelation You now have 81 gold pieces (gained 6).
j - a scroll labelled USUPTU LOPAOMN You open the door. 2 orc priests and an orc come into view.
The orc priest shouts!
The orc shouts!
The orc priest begins to cast a cantrip, but forgets the words!
Found a scale mail and 37 gold pieces.
Found a roughly hewn altar of Beogh.
The orc priest miscasts a cantrip.
The orc priest invokes the aid of Beogh against you.
Beogh smites you! The orc closely misses you. The orc closely misses you.
You closely miss the orc.
The orc priest mumbles some strange prayers to Beogh against you.
Pain shoots through your body!
You hit the orc but do no damage. Your headbutt misses the orc.
The orc hits you but does no damage.
The orc priest invokes the aid of Beogh against you.
Pain shoots through your body!
* * * LOW HITPOINT WARNING * * *
A red film seems to cover your vision as you go berserk!
You feel yourself moving faster!
You feel mighty! The orc closely misses you. You furiously retaliate!
You headbutt the orc!
You kill the orc!
Trog accepts your kill. The orc priest hits you with a +0 club.
* * * LOW HITPOINT WARNING * * *
You barely miss the orc priest. You slash the orc priest!
The orc priest is severely wounded.
You slash the orc priest!
You kill the orc priest!
Trog accepts your kill.
The orc priest invokes the aid of Beogh against you.
Beogh smites you!
You die...

#.########.#
..##........#.#
............#.#########
#)####...(..............
#. #.........#.##.....
#.. #..######......#
###.###.##...##.#.####
#.......#.ß$ß.#)..#####.
#.#.#..##_$$[o'@#.......
#.#.<##.ß.ß.#)....####
#.....##.$. #####.#
###..#.######## .#
#...........# .####
......#........##..>...
#######...###..<...#
#...# #..##.## ##..#
#..# #


You could see an orc priest.

Vanquished Creatures
  An orc priest (D:3)
  Robin (D:2)
  An adder (D:3)
  2 dart slugs
  An orc (D:3)
  6 endoplasms
  2 giant cockroaches
  11 goblins
  9 hobgoblins
  4 jackals (D:1)
  9 kobolds
  A quokka (D:1)
  A ball python (D:2)
  6 bats
  4 frilled lizards
  6 rats
65 creatures vanquished.

Vanquished Creatures (collateral kills)
  A ball python (D:1)
1 creature vanquished.

Grand Total: 66 creatures vanquished

Notes
Turn   | Place    | Note
-------+----------+-------------------------------------------
     0 | D:1      | Doorstop00 the Minotaur Berserker began the quest for the
                  | Orb.
     0 | D:1      | Reached XP level 1. HP: 19/19 MP: 0/0
   107 | D:1      | Reached skill level 4 in Axes
   107 | D:1      | Reached XP level 2. HP: 27/27 MP: 1/1
   253 | D:1      | Reached ** piety under Trog
   320 | D:1      | Reached XP level 3. HP: 32/33 MP: 2/2
   748 | D:1      | Found a faded altar of an unknown god.
  1369 | D:2      | Noticed Robin
  1387 | D:2      | Reached XP level 4. HP: 35/41 MP: 3/3
  1394 | D:2      | Killed Robin
  1394 | D:2      | Reached *** piety under Trog
  1561 | D:3      | Reached skill level 5 in Axes
  1580 | D:3      | Found a roughly hewn altar of Beogh.
  1590 | D:3      | Killed from afar by an orc priest

Illustrated notes

Levels and vault maps discovered:
D:1:      roderic_octagonal_star, layout_basic,
          shapermc_ecumenical_altar_rom_forum, st_stairs_8
D:2:      layout_basic, uniq_robin
D:3:      layout_loops_cross, kennysheep_orc_chapel

Skill      XL: |  1  2  3  4 |
---------------+-------------+-----
Axes           | 4 5 |  5.1
Fighting       | 4 |  4.4
Armour         | 3 |  3.2
Dodging        | |  2.6

Action                     |  1- 3 |  4- 6 || total
---------------------------+-------+-------++-------
  Melee: Hand axe          |    99 |    18 ||   117
         Headbutt          |    14 |     3 ||    17
 Invoke: Berserk           |       |     1 ||     1
    Use: Scroll            |     5 |       ||     5
 Armour: Animal skin       |     2 |       ||     2
         Ring mail         |    58 |     7 ||    65
  Dodge: Dodged            |    61 |     8 ||    69

Table legend: (Time is in decaauts)
 A = Elapsed time spent in this place.
 B = Non-inter-level travel time spent in this place.
 C = Inter-level travel time spent in this place.
 D = Time resting spent in this place.
 E = Time spent auto-exploring this place.
 F = Levels seen in this place.
 G = Mean time per level.
                   A        B        C        D        E       F      G
               +--------+--------+--------+--------+--------+-----+--------+
         Total |   1596 |   1596 |      0 |     59 |   1167 |   3 |  532.0 |
       Dungeon |   1596 |   1596 |      0 |     59 |   1167 |   3 |  532.0 |
               +--------+--------+--------+--------+--------+-----+--------+

Top non-repeatable levels by time:
     D:1: 890 daAuts
     D:2: 659 daAuts
     D:3: 47 daAuts
